 Dungeon Crawl Stone Soup version 0.28.0-43-g3370ac3207 (webtiles) character file.

Game seed: 12413577557186215335

578 lonewolfV2 the Chopper (level 7, -2/57 (61) HPs)
             Began as a Hill Orc Fighter on Mar 21, 2022.
             Slain by a wight
             ... wielding a +3 scimitar
              (8 damage)
             ... on level 5 of the Dungeon.
             The game lasted 00:08:11 (4942 turns).

lonewolfV2 the Chopper (Hill Orc Fighter)           Turns: 4942, Time: 00:08:12

HP:   -2/57 (61)    AC:  9    Str: 21    XL:     7   Next: 35%
MP:   7/7           EV:  9    Int:  8    God:
Gold: 181           SH:  4    Dex: 10    Spells: 6/6 levels left

rFire   + + .      SeeInvis .   g - +1 hand axe (freeze)
rCold   x . .      Faith    .   c - +0 buckler
rNeg    . . .      Spirit   .   j - +0 fire dragon scales
rPois   .          Reflect  .   (no helmet)
rElec   .          Harm     .   (no cloak)
rCorr   +          Rampage  .   (no gloves)
Will    .....                   (no boots)
Stlth   ..........              (no amulet)
HPRegen 0.19/turn               k - ring of resist corrosion
MPRegen 0.10/turn               (no ring)

@: drained
A: no striking features
a: no special abilities


You were on level 5 of the Dungeon.
You visited 1 branch of the dungeon, and saw 5 of its levels.

You collected 181 gold pieces.

Inventory:

Hand Weapons
 a - a +1 war axe
 g - a +1 hand axe of freezing (weapon)
Armour
 c - a +0 buckler (worn)
 j - +0 fire dragon scales (worn)
Jewellery
 k - a ring of resist corrosion (left hand)
Scrolls
 i - a scroll of enchant weapon
 o - 3 scrolls of amnesia {unknown}
 q - 3 scrolls of blinking {unknown}
 r - a scroll of noise {unknown}
 s - a scroll of fog {unknown}
Potions
 b - 2 potions of curing
 d - a potion of might
 e - a potion of lignification
 f - a potion of heal wounds
 h - a potion of haste
 l - a potion of magic {unknown}
 m - a potion of resistance {unknown}
 n - a potion of degeneration
 p - a potion of berserk rage {unknown}


   Skills:
 + Level 5.1 Fighting
 + Level 7.5 Axes
 + Level 4.9 Armour
 + Level 1.1 Dodging
 + Level 0.2 Stealth
 + Level 3.9 Shields


You had 6 spell levels left.
You didn't know any spells.
Your spell library contained the following spells:

 Spells                   Type           Power      Damage    Failure   Level
 Foxfire                  Conj/Fire      0%         2x1d4     87%         1
 Sandblast                Erth           0%         2d4       87%         1
 Call Imp                 Summ           0%         N/A       95%         2
 Conjure Flame            Conj/Fire      0%         6-21      99%         3
 Inner Flame              Hex/Fire       0%         N/A       99%         3
 Flame Wave               Conj/Fire      0%         2d4       100%        4
 Summon Ice Beast         Ice/Summ       0%         N/A       100%        4
 Borgnjor's Vile Clutch   Necr/Erth      0%         N/A       100%        5


Dungeon Overview and Level Annotations

Branches:
Dungeon (5/15)
 Temple: D:4-7

Altars:
Makhleb


Message History

You destroy the centaur skeleton!
You enter the shallow water.
Moving in this stuff is going to be slow.
You enter the shallow water.
Moving in this stuff is going to be slow.
You enter the shallow water.
Moving in this stuff is going to be slow.
You enter the shallow water.
Moving in this stuff is going to be slow.
Found a stone staircase leading up.
Found a stone staircase leading down.
There is a stone staircase leading up here.
As you open the door, it creaks loudly!
There is an open door here.
A wight comes into view. It is wielding a +3 scimitar.
A wight is nearby!
A wight is nearby!
A wight is nearby!
The wight hits you with a +3 scimitar!
You barely miss the wight. The wight hits you with a +3 scimitar!
You hit the wight but do no damage. The wight completely misses you.
You barely miss the wight. You closely miss the wight.
The wight hits you with a +3 scimitar.
You barely miss the wight. The wight hits you with a +3 scimitar.
You hit the wight but do no damage. The wight barely misses you.
You hit the wight.
The wight is moderately damaged.
The wight hits you with a +3 scimitar!
* * * LOW HITPOINT WARNING * * *
You feel drained.
* * * LOW HITPOINT WARNING * * *
You hit the wight.
The wight is heavily damaged.
The wight hits you with a +3 scimitar.
* * * LOW HITPOINT WARNING * * *
You feel drained.
You hit the wight but do no damage.
The wight is heavily damaged.
The wight hits you with a +3 scimitar!
You die...

#### #.. #z#
#@# #.# #.#
#.#
#####'########
#............#
#.....>......+
#............#
#............#


You could see a wight.

Vanquished Creatures
  An ogre (D:4)
  A centaur (D:5)
  A scorpion (D:4)
  A bullfrog skeleton (D:4)
  2 centaur skeletons
  3 iron imps (D:3)
  2 iguanas (D:5)
  4 adders
  An ufetubus (D:5)
  An adder skeleton (D:4)
  A worm (D:2)
  2 dart slugs
  7 orcs
  2 ball pythons
  6 bats
  10 endoplasms
  4 giant cockroaches
  8 goblins
  6 hobgoblins
  9 jackals
  4 quokkas
  A frilled lizard (D:1)
  8 kobolds
  4 rats (D:1)
89 creatures vanquished.

Notes
Turn   | Place    | Note
-------+----------+-------------------------------------------
     0 | D:1      | lonewolfV2 the Hill Orc Fighter began the quest for the
                  | Orb.
     0 | D:1      | Reached XP level 1. HP: 19/19 MP: 1/1
   230 | D:1      | Reached skill level 3 in Axes
   230 | D:1      | Reached XP level 2. HP: 17/27 MP: 2/2
   773 | D:1      | Reached XP level 3. HP: 33/33 MP: 3/3
  1297 | D:2      | Found a faded altar of an unknown god.
  2372 | D:3      | Reached skill level 4 in Axes
  2372 | D:3      | Reached XP level 4. HP: 40/40 MP: 4/4
  2661 | D:3      | Found a burning altar of Makhleb.
  2694 | D:3      | Reached skill level 5 in Axes
  2694 | D:3      | Reached XP level 5. HP: 36/46 MP: 5/5
  3591 | D:4      | Reached skill level 6 in Axes
  3591 | D:4      | Reached skill level 1 in Dodging
  3591 | D:4      | Reached XP level 6. HP: 42/53 MP: 6/6
  4266 | D:5      | Entered Level 5 of the Dungeon
  4323 | D:5      | Reached skill level 7 in Axes
  4323 | D:5      | Reached XP level 7. HP: 27/60 MP: 7/7
  4327 | D:5      | Reached skill level 5 in Fighting
  4652 | D:5      | Got the Almanac of Creative Earth
  4942 | D:5      | Slain by a wight

Illustrated notes

Levels and vault maps discovered:
D:1:      dpeg_arrival_rooms_a, layout_basic, nrook_loot_triangle
D:2:      layout_basic, ebering_ecumenical_altar_webs
D:3:      layout_basic, demons_altar, fountainhead
D:4:      layout_loops_ring
D:5:      layout_basic, minitemple, serial_bayou, serial_bayou_pond_d,
          serial_bayou_pond_e, serial_bayou_crossing, serial_bayou_shore_a

Skill      XL: |  1  2  3  4  5  6  7 |
---------------+----------------------+-----
Axes           | 3 4 5 6 7 |  7.5
Fighting       | 4 5 |  5.1
Armour         | 4 |  4.9
Dodging        | 1 |  1.1
Stealth        | |  0.2
Shields        | |  3.9

Action                   |  1- 3 |  4- 6 |  7- 9 || total
-------------------------+-------+-------+-------++-------
Melee: War axe           |   109 |    49 |       ||   158
       Hand axe          |       |    64 |    43 ||   107
  Use: Scroll            |     2 |     7 |       ||     9
       Potion            |     2 |     1 |       ||     3
Armor: Scale mail        |    40 |       |       ||    40
       Fire dragon scale |    32 |    49 |     9 ||    90
Dodge: Dodged            |    58 |    65 |    22 ||   145
Block: Buckler           |    28 |    30 |     1 ||    59
